 Dungeon Crawl Stone Soup version 0.20.1-1-g8b1a95d (webtiles) character file.

221 Ijustatesigmund the Chopper (level 5, 0/48 HPs)
             Began as a Hill Orc Fighter on Sept 20, 2017.
             Succumbed to a scorpion's poison
             ... on level 4 of the Dungeon.
             The game lasted 00:05:27 (2421 turns).

Ijustatesigmund the Chopper (Hill Orc Fighter)      Turns: 2421, Time: 00:05:27

Health: 0/48       AC:  5    Str: 16 (19) XL:     5   Next: 98%
Magic:  5/5        EV:  8    Int: 12 (13) God:
Gold:   148        SH:  9    Dex:  9 (11) Spells: 4/4 levels left

rFire    . . .     SeeInvis .   a - +0 war axe
rCold    . . .     Gourm    .   c - +1 shield
rNeg     . . .     Faith    .   b - +0 ring mail (curse)
rPois    .         Spirit   .   (no helmet)
rElec    .         Reflect  .   (no cloak)
rCorr    .         Harm     .   (no gloves)
MR       .....                  (no boots)
Stlth    ..........             (no amulet)
Regen    0.2/turn               h - +5 ring of intelligence
MPRegen  0.1/turn               (no ring)

@: lethally poisoned (0 -> -22), flying
A: no striking features
a: no special abilities


You were on level 4 of the Dungeon.
You were not hungry.

You visited 1 branch of the dungeon, and saw 4 of its levels.

You collected 148 gold pieces.

Inventory:

Hand Weapons
 a - a +0 war axe (weapon)
Missiles
 j - 6 silver tomahawks (quivered)
 p - 4 javelins
Armour
 b - a cursed +0 ring mail (worn)
 c - a +1 shield (worn)
Jewellery
 h - a +5 ring of intelligence (left hand)
Scrolls
 g - a scroll of remove curse
 q - a scroll of fog {unknown}
Comestibles
 d - 2 chunks of flesh
 f - 3 bread rations
 k - 2 fruits
 l - 2 meat rations
 m - 2 royal jellies


   Skills:
 + Level 5.4 Fighting
 * Level 6.5 Axes
 - Level 3.2 Armour
 - Level 3.2 Shields


You had 4 spell levels left.
You didn't know any spells.

Dungeon Overview and Level Annotations

Branches:
Dungeon (4/15)
 Temple: D:4-7

Altars:
Fedhas

Annotations:
D:3 Chisa's ghost, amateur NaBe


Message History

* * * LOW HITPOINT WARNING * * *
You are more poisoned.
The scorpion poisons you!
It was a potion of cancellation.
You feel magically purged.
* * * LOW HITPOINT WARNING * * *
You feel sick. You block the scorpion's attack.
It was a potion of flight.
You feel very buoyant.
You fly up into the air.
* * * LOW HITPOINT WARNING * * *
You feel sick. The scorpion completely misses you.
It was a potion of degeneration.
There was something very wrong with that liquid.
You feel weakened.
You feel dopey.
You feel clumsy.
* * * LOW HITPOINT WARNING * * *
You feel very sick. You block the scorpion's attack.
You hit the scorpion.
The scorpion is almost dead.
You die...

#..###........###....#
#.[....###...# ....#
#..###....### ##..#
...# #.......### #.##
... ##.......## #.#
... ##.......### ..#
#.........###..# .
##.............#....
#.......#..@†......
##...#..###s.......
##..#..# ....#....
#..#..#...### #..
##.#.....## # ......
.>.... ......


You could see a scorpion.

Vanquished Creatures
  A bullfrog skeleton (D:4)
  2 worker ants (D:4)
  7 adders
  A worm (D:2)
  4 dart slugs
  10 orcs
  6 bats
  A giant cockroach (D:1)
  A goblin (D:1)
  6 hobgoblins
  4 jackals (D:2)
  5 kobolds
  A quokka (D:2)
  2 ball pythons
  11 frilled lizards
  7 rats
69 creatures vanquished.

Notes
Turn   | Place    | Note
-------+----------+-------------------------------------------
     0 | D:1      | Ijustatesigmund the Hill Orc Fighter began the quest for the Orb.
     0 | D:1      | Reached XP level 1. HP: 19/19 MP: 1/1
   102 | D:1      | Reached skill level 3 in Axes
   339 | D:1      | Reached XP level 2. HP: 27/27 MP: 2/2
   613 | D:1      | Reached skill level 4 in Axes
   716 | D:2      | Reached XP level 3. HP: 33/33 MP: 3/3
   864 | D:2      | Reached XP level 4. HP: 35/41 MP: 4/4
  1052 | D:2      | Reached skill level 5 in Axes
  1196 | D:2      | Found a blossoming altar of Fedhas.
  1706 | D:3      | Noticed Chisa's ghost (amateur NaBe)
  1717 | D:3      | Reached XP level 5. HP: 43/47 MP: 5/5
  2164 | D:3      | Reached skill level 5 in Fighting
  2224 | D:4      | Reached skill level 6 in Axes
  2420 | D:4      | HP: 2/48 [poisoned by a scorpion]
  2421 | D:4      | Succumbed to a scorpion's poison

Skill      XL: |  1  2  3  4  5 |
---------------+----------------+-----
Axes           | 3 4 5 6 |  6.5
Fighting       | 4 5 |  5.4
Armour         | |  3.2
Shields        | |  3.2

Action                   |  1- 3 |  4- 6 || total
-------------------------+-------+-------++-------
Melee: War axe           |    97 |   143 ||   240
  Use: Scroll            |     4 |     2 ||     6
       Potion            |       |     7 ||     7
  Eat: Chunk             |       |     5 ||     5
Armor: Scale mail        |    48 |    11 ||    59
       Ring mail         |       |    41 ||    41
Dodge: Dodged            |    33 |    52 ||    85
Block: Shield            |    68 |    95 ||   163
